 Dungeon Crawl Stone Soup version 0.30.0-18-gc0e69614cb (webtiles) character file.

Game seed: 7390876092850279120

11290 Edyrem the Spear-Bearer (level 11, -1/89 HPs)
             Began as a Merfolk Gladiator on May 23, 2023.
             Was a High Priest of Okawaru.
             Slain by a redback (20 damage)
             ... in a Gauntlet.
             The game lasted 00:24:03 (9754 turns).

Edyrem the Spear-Bearer (Merfolk Gladiator)         Turns: 9754, Time: 00:24:04

Health: -1/89      AC: 11    Str: 19    XL:     11   Next: 75%
Magic:  15/15      EV: 16    Int:  8    God:    Okawaru [*****.]
Gold:   593        SH: 11    Dex: 24    Spells: 10/10 levels left

rFire   x . .        a - +9 demon trident of Tenacity {heavy, rF- Will++}
rCold   . . .        k - +0 kite shield
rNeg    . . .        T - +1 ring mail of Doenkemn {Dex+5}
rPois   .            q - +1 helmet "Hiemecsa" {Dex+4}
rElec   .            v - +0 cloak
rCorr   .            (no gloves)
SInv    .            L - +0 pair of boots
Will    +++..        (no amulet)
Stlth   +++          (no ring)
HPRegen 0.34/turn    (no ring)
MPRegen 0.14/turn

%: no teleportation
@: lethally poisoned (-1 -> -14), studying Short Blades
A: (nimble swimmer 2), mertail, strong-willed 1
a: Renounce Religion, Heroism, Finesse, Duel


You were in a Gauntlet.
You worshipped Okawaru.
Okawaru was extremely pleased with you.
You visited 2 branches of the dungeon, and saw 11 of its levels.
You also visited: Sewer and Gauntlet.

You collected 593 gold pieces.

Inventory:

Hand Weapons
 a - the +9 demon trident of Tenacity (weapon) {heavy, rF- Will++}
   (You found it on level 3 of the Dungeon)

   rF:        It makes you vulnerable to fire.
   Will:      It greatly increases your willpower.
 t - a +1 trident
Missiles
 d - 5 throwing nets
 e - 2 javelins
 r - 6 curare-tipped darts
 w - 42 poisoned darts (quivered)
 x - 9 boomerangs
 M - 5 atropa-tipped darts
Armour
 c - a +0 helmet
 k - a +0 kite shield (worn)
 q - the +1 helmet "Hiemecsa" (worn) {Dex+4}
   (You found it in a Gauntlet)

   Dex:       It affects your dexterity (+4).
 s - a +0 buckler
 v - a +0 cloak (worn)
 J - +0 steam dragon scales
 L - a +0 pair of boots (worn)
 R - a +2 scale mail of fire resistance
 T - the +1 ring mail of Doenkemn (worn) {Dex+5}
   (You found it on level 1 of the Lair of Beasts)

   Dex:       It affects your dexterity (+5).
Jewellery
 O - a ring of ice
Wands
 l - a wand of mindburst (6)
 I - a wand of flame (41)
 K - a wand of roots (3)
Scrolls
 g - a scroll of fear
 h - a scroll of poison
 i - a scroll of amnesia {unknown}
 j - 2 scrolls of summoning {unknown}
 m - 3 scrolls of enchant armour {unknown}
 n - 4 scrolls of magic mapping {unknown}
 u - 3 scrolls of brand weapon {unknown}
 y - 2 scrolls of silence {unknown}
 E - 2 scrolls of teleportation
 F - a scroll of blinking
 G - 2 scrolls of identify {@r1}
 H - a scroll of enchant weapon
 S - a scroll of immolation {unknown}
Potions
 b - 2 potions of curing {@q2}
 f - 3 potions of lignification
 o - 2 potions of invisibility
 p - 2 potions of resistance
 z - 2 potions of mutation
 A - a potion of brilliance {unknown}
 B - a potion of magic {unknown}
 C - a potion of cancellation {unknown}
 D - 4 potions of might
 N - a potion of degeneration {unknown}
 P - 2 potions of heal wounds {unknown}
 Q - 2 potions of flight {unknown}


   Skills:
 + Level 9.1 Fighting
 - Level 14.1 Polearms
 - Level 2.0 Throwing
 - Level 5.0 Armour
 - Level 8.0 Dodging
 + Level 6.8 Stealth
 * Level 4.0 Shields
 + Level 6.5 Invocations


You had 10 spell levels left.
You didn't know any spells.
Your spell library contained the following spells:

 Spells                   Type           Power      Damage    Failure   Level
 Freeze                   Ice            0%         1d3       87%         1
 Shock                    Conj/Air       0%         1d3       87%         1
 Frozen Ramparts          Ice            0%         1d1       99%         3
 Hailstorm                Conj/Ice       0%         3d3       99%         3
 Portal Projectile        Hex/Tloc       0%         N/A       99%         3
 Leda's Liquefaction      Hex/Erth       0%         N/A       100%        4
 Call Canine Familiar     Summ           Unusable   N/A       N/A         3

Dungeon Overview and Level Annotations

Branches:
Dungeon (10/15)            Temple (0/1) D:6            Lair (1/5) D:9
    Orc (0/2) D:9           Sewer (visited)         Gauntlet (1/1)

Altars:
Dithmenos
Gozag
Kikubaaqudgha
Okawaru
Qazlal
Ru
Sif Muna
Trog
Wu Jian
The Shining One

Shops:
D:8 *

Annotations:
Gauntlet 9 transporters


Innate Abilities, Weirdness & Mutations

((You are very nimble when in or above water. (Stealth+, EV+, Speed+++)))
Your lower body shifts to a powerful aquatic tail in water.
You are strong-willed. (Will+)


Message History

There is a transporter here.
You enter the transporter and appear at another place.
There is a transporter here.
Press: ? - help, . - travel, g - get item You can't see that place. [Stash: a bloodstained cloak] [the floor.]
There is a transporter landing site here.
There is a transporter here.
You enter the transporter and appear at another place.
The redback closely misses you. The redback attacks as you move away!
You block the redback's attack. The redback bites you!
You closely miss the redback. The redback closely misses you.
The redback bites you but does no damage.
You impale the redback!!
You kill the redback!
Okawaru accepts your kill. You block the redback's attack.
The redback bites you! The redback bites you. You block the redback's attack.
The redback attacks as you move away! The redback bites you.
You are poisoned.
The redback poisons you!
You feel extremely sick.
You impale the moth of wrath!!
The moth of wrath is heavily wounded.
You feel extremely sick. You block the redback's attack.
The moth of wrath goads the redback on!
The redback goes berserk!
The redback bites you! The moth of wrath bites you!
You impale the moth of wrath!!
You kill the moth of wrath!
Okawaru is honoured by your kill.
You feel very sick. The redback barely misses you. The redback bites you.
* * * LOW HITPOINT WARNING * * *
Your Shields skill increases to level 4!
The redback attacks as you move away! The redback misses you.
You feel very sick. You block the redback's attack. The redback bites you!!
You die...

.♣.#.....#©.#©.#.#©#.......#.#...
...##..♣.#[#..##.#.#########.#.♣.
.♣. ##...#?####..#.#..#....#.#..P
...##≈...#...hh.2#.#..#.##.#.#.P.
# #≈≈...#########.###'.##.#.#..P
##≈.♣.........#©#©.'...©#©#.♣.
##...#########.###'#######...
##≈...#....ss.#.#.......#....#
#≈≈...#(...##@#.#.......#...≈#
##≈.♣.#=...##.#.#########..≈≈#
##...#©###©..#©#.........####
##≈...#=###...###.♣P♣.♣..≈#
#≈≈.P.#.###.#.#....PP...≈≈#
##≈.♣.#.......#.♣P.P...####
##.P.#########...PP..≈#
##≈..................≈≈#
#≈≈≈#≈≈≈#≈≈≈#≈≈≈#≈≈≈####


You could see a balrug, 2 hell hounds and 2 redbacks.

Vanquished Creatures
  A two-headed ogre (D:9)
  A tengu warrior (Gauntlet)
  A moth of wrath (Gauntlet)
  A black mamba (Lair:1)
  A rust devil (Gauntlet)
  A kobold demonologist (D:9)
  A komodo dragon (Lair:1)
  A tengu conjurer (Gauntlet)
  A troll (D:9)
  4 blink frogs (Lair:1)
  Grinder (D:3)
  Sigmund (D:2)
  A wraith (D:9)
  7 yaks
  3 wyverns
  A ynoxinul (Gauntlet)
  A redback (Gauntlet)
  The ghost of Hubris850 the Digger, an amateur DrEE (D:4)
  2 steam dragons
  A water moccasin (D:7)
  An ice beast (D:5)
  Duvessa (D:4)
  4 orc warriors
  Pargi (Sewer)
  A sky beast (D:6)
  3 ogres (D:9)
  11 kobold brigands
  A phantom (D:5)
  3 bullfrogs
  4 gnoll sergeants (D:9)
  2 scorpions (D:5)
  8 wights
  Dowan (D:4)
  9 killer bees
  4 howler monkeys
  2 jellies (D:6)
  4 orc priests
  Crazy Yiuf (D:7)
  7 hounds
  4 iron imps (Gauntlet)
  Terence (D:2)
  A sleepcap (D:6)
  Natasha (thrice) (D:4)
  5 iguanas
  8 orc wizards
  12 adders
  12 gnolls
  A white imp (D:7)
  An ufetubus (D:6)
  A worm (D:2)
  4 dart slugs
  21 orcs
  14 ball pythons
  7 endoplasms
  7 giant cockroaches (D:4)
  7 goblins
  15 hobgoblins
  4 jackals (D:5)
  27 kobolds
  5 quokkas
  A bat (D:3)
  19 frilled lizards
  5 rats
285 creatures vanquished.

Notes
Turn   | Place    | Note
-------+----------+-------------------------------------------
     0 | D:1      | Edyrem the Merfolk Gladiator began the quest for the Orb.
     0 | D:1      | Reached XP level 1. HP: 16/16 MP: 1/1
    60 | D:1      | Reached XP level 2. HP: 22/23 MP: 2/2
   531 | D:2      | Reached XP level 3. HP: 17/28 MP: 3/3
   685 | D:2      | Noticed Terence
   698 | D:2      | Killed Terence
   699 | D:2      | Reached skill level 1 in Armour
   699 | D:2      | Reached XP level 4. HP: 16/34 MP: 4/4
   801 | D:2      | Reached skill level 5 in Polearms
   820 | D:2      | Found a faded altar of an unknown god.
   936 | D:2      | Found a stormy altar of Qazlal.
  1377 | D:2      | Reached XP level 5. HP: 41/41 MP: 5/5
  1499 | D:2      | Noticed Sigmund
  1514 | D:2      | Killed Sigmund
  1515 | D:2      | Reached skill level 6 in Polearms
  1515 | D:2      | Reached skill level 5 in Dodging
  1515 | D:2      | Reached XP level 6. HP: 26/47 MP: 6/6
  2024 | D:3      | Identified the +9 demon trident of Tenacity {heavy, rF-
                  | Will++}
  2332 | D:3      | Noticed Grinder
  2343 | D:3      | Killed Grinder
  2344 | D:3      | Reached XP level 7. HP: 53/53 MP: 7/7
  2493 | D:3      | Found a bloodstained altar of Trog.
  2829 | D:4      | Reached skill level 7 in Polearms
  2867 | D:4      | Found a runed translucent gate.
  2867 | D:4      | Found a runed translucent gate.
  2869 | D:4      | Noticed Hubris850's ghost (amateur DrEE)
  2870 | D:4      | Found a runed translucent gate.
  2976 | D:4      | Found a glowing drain.
  2990 | Sewer    | Entered a sewer
  3116 | Sewer    | Noticed Pargi
  3120 | Sewer    | Killed Pargi
  3231 | Sewer    | Gained mutation: You expend magic power (3 MP) to
                  | strengthen your wands. [potion of mutation]
  3231 | Sewer    | Gained mutation: You are robust. (+10% HP) [potion of
                  | mutation]
  3232 | Sewer    | Lost mutation: You expend magic power (3 MP) to strengthen
                  | your wands. [potion of mutation]
  3232 | Sewer    | Lost mutation: You are robust. (+10% HP) [potion of
                  | mutation]
  3232 | Sewer    | Gained mutation: Your muscles are strong. (Str +4, Int/Dex
                  | -1) [potion of mutation]
  3232 | Sewer    | Gained mutation: Your system is resistant to poisons.
                  | (rPois) [potion of mutation]
  3233 | Sewer    | Lost mutation: Your muscles are strong. (Str +4, Int/Dex
                  | -1) [potion of mutation]
  3233 | Sewer    | Lost mutation: Your system is resistant to poisons. (rPois)
                  | [potion of mutation]
  3233 | Sewer    | Gained mutation: You occasionally lose the ability to drink
                  | potions when taking damage. [potion of mutation]
  3233 | Sewer    | Lost mutation: You occasionally lose the ability to drink
                  | potions when taking damage. [potion of mutation]
  3233 | Sewer    | Gained mutation: You are strong-willed. (Will+) [potion of
                  | mutation]
  3420 | D:4      | Noticed Duvessa
  3421 | D:4      | Noticed Dowan
  3424 | D:4      | Killed Duvessa
  3425 | D:4      | Reached XP level 8. HP: 61/61 MP: 8/8
  3427 | D:4      | Killed Dowan
  3472 | D:4      | Reached skill level 8 in Polearms
  3563 | D:4      | Noticed Natasha
  3567 | D:4      | Killed Natasha
  3735 | D:4      | Noticed Natasha
  3742 | D:4      | Killed Natasha
  3804 | D:4      | Killed Hubris850's ghost
  3880 | D:4      | Noticed Natasha
  3887 | D:4      | Killed Natasha
  3908 | D:5      | Entered Level 5 of the Dungeon
  4061 | D:5      | Reached skill level 5 in Fighting
  4191 | D:5      | Reached skill level 9 in Polearms
  4356 | D:5      | Found a sacrificial altar of Ru.
  4477 | D:5      | Found an iron altar of Okawaru.
  4482 | D:5      | Became a worshipper of Warmaster Okawaru
  4598 | D:6      | Reached XP level 9. HP: 68/68 MP: 9/9
  4644 | D:6      | Reached skill level 5 in Armour
  4833 | D:6      | Found an opulent altar of Gozag.
  4861 | D:6      | Reached skill level 10 in Polearms
  4899 | D:6      | Found an ornate altar of the Wu Jian Council.
  4967 | D:6      | HP: 3/69 [orc/+0 flail (5)]
  5191 | D:6      | Found a staircase to the Ecumenical Temple.
  5254 | D:6      | Reached * piety under Okawaru
  5562 | D:7      | Found a runed translucent door.
  5563 | D:7      | Noticed Crazy Yiuf
  5567 | D:7      | Killed Crazy Yiuf
  5600 | D:7      | Reached skill level 1 in Invocations
  5804 | D:7      | Reached skill level 11 in Polearms
  6028 | D:7      | Reached skill level 1 in Stealth
  6785 | D:8      | Found a shimmering blue altar of Sif Muna.
  6800 | D:8      | Reached XP level 10. HP: 77/77 MP: 11/11
  6805 | D:8      | Got Sif Muna's Octavo of Gusts
  6859 | D:8      | Reached ** piety under Okawaru
  6939 | D:8      | Found Zajak's General Store.
  7100 | D:8      | Reached skill level 12 in Polearms
  7566 | D:9      | Found a staircase to the Lair.
  7618 | D:9      | Noticed a two-headed ogre
  7636 | D:9      | Killed a two-headed ogre
  7767 | D:9      | Found a glowing golden altar of the Shining One.
  7773 | D:9      | Found an ancient bone altar of Kikubaaqudgha.
  7777 | D:9      | Found a shadowy altar of Dithmenos.
  7950 | D:9      | Reached *** piety under Okawaru
  7951 | D:9      | Reached skill level 13 in Polearms
  8093 | D:9      | Noticed a kobold demonologist
  8105 | D:9      | Killed a kobold demonologist
  8106 | D:9      | Reached skill level 5 in Stealth
  8190 | D:9      | Reached skill level 5 in Invocations
  8237 | D:9      | Received a gift from Okawaru
  8238 | D:9      | Reached XP level 11. HP: 68/85 MP: 14/14
  8456 | D:9      | Found a staircase to the Orcish Mines.
  8488 | D:9      | Reached **** piety under Okawaru
  8495 | D:9      | Reached skill level 14 in Polearms
  8895 | D:10     | Entered Level 10 of the Dungeon
  8940 | Lair:1   | Entered Level 1 of the Lair of Beasts
  8950 | Lair:1   | Reached skill level 1 in Shields
  9180 | Lair:1   | Identified the +1 ring mail of Doenkemn {Dex+5}
  9207 | Lair:1   | Found a gate leading to a gauntlet.
  9216 | Gauntlet | Entered a Gauntlet
  9216 | Gauntlet | Found a transporter.
  9223 | Gauntlet | Noticed a tengu warrior
  9225 | Gauntlet | Found a transporter.
  9227 | Gauntlet | Found a transporter.
  9235 | Gauntlet | Found a runed translucent gate.
  9235 | Gauntlet | Found a runed translucent gate.
  9235 | Gauntlet | Found a runed translucent gate.
  9238 | Gauntlet | Found a transporter.
  9241 | Gauntlet | Found a transporter.
  9247 | Gauntlet | Noticed a moth of wrath
  9254 | Gauntlet | Found a transporter.
  9271 | Gauntlet | Found a transporter.
  9282 | Gauntlet | Found a transporter.
  9293 | Gauntlet | Noticed a catoblepas
  9294 | Gauntlet | Found a transporter.
  9296 | Gauntlet | Noticed a wretched star
  9313 | Gauntlet | Found a transporter.
  9327 | Gauntlet | Found a transporter.
  9327 | Gauntlet | Found a transporter.
  9375 | Gauntlet | Found a transporter.
  9382 | Gauntlet | Noticed a balrug
  9389 | Gauntlet | Found a transporter.
  9490 | Gauntlet | Killed a tengu warrior
  9490 | Gauntlet | Reached ***** piety under Okawaru
  9699 | Gauntlet | Identified the +1 helmet "Hiemecsa" {Dex+4}
  9753 | Gauntlet | Killed a moth of wrath
  9754 | Gauntlet | Slain by a redback

Illustrated notes

Levels and vault maps discovered:
D:1:      dpeg_arrival_orchard, layout_rooms, kennysheep_pointless_box
D:2:      layout_basic, dreamdust_ecumenical_altar_statues, basic_altar,
          uniq_sigmund, uniq_terence
D:3:      layout_basic, trog_hazing_becter, minivault_25, uniq_grinder
D:4:      layout_loops_ring, ebering_ghost_rock_garden, gup_sewer_entry_pipe,
          uniq_duvessa, uniq_natasha
D:5:      layout_basic, nicolae_ru_great_annihilating_truth,
          okawaru_ov_weapons_minmay, minmay_manual_monstrance
D:6:      layout_rooms, mainiacjoe_overflow_brackets, nzn_wu_jian_council_hall,
          minmay_temple_entry_arrows, minmay_misc_feat_tiny, minivault_1,
          minmay_lizard_king
D:7:      layout_cave_pods, minivault_23, minmay_misc_feat_tower,
          uniq_crazy_yiuf_cottage
D:8:      layout_loops_ring, led_sif_book, minmay_misc_feat_five, st_stairs_2,
          nicolae_two_hexagons, nicolae_take_the_stairs
D:9:      layout_irregular_city, grunt_temple_overflow_diamond,
          lair_entry_dummy, kennysheep_orc_monster_closet_entryway
D:10:     layout_long_grid, xom_teletrap_fun, nicolae_yredelemnul_ghost_church
Lair:1:   layout_cave_pods, gauntlet_entry_generic, minivault_24,
          serial_bayou_shore_a
Gauntlet: minmay_gauntlet_77_tree [minmay_gauntlet_arena_77_mess,
          minmay_gauntlet_arena_77_two_paths,
          minmay_gauntlet_arena_77_run_for_it,
          minmay_gauntlet_arena_77_broken_ladder,
          minmay_gauntlet_arena_77_braids,
          minmay_gauntlet_arena_77_hold_the_fort,
          minmay_gauntlet_arena_77_block_sizes, gauntlet_exit_watery]

Skill      XL: |  1  2  3  4  5  6  7  8  9 10 11 |
---------------+----------------------------------+-----
Armour         | 1 2 3 4 5 |  5.0
Polearms       | 5 6 7 9 11 13 14 | 14.1
Fighting       | 3 4 5 6 8 9 |  9.1
Dodging        | 5 6 7 8 |  8.0
Invocations    | 2 5 6 |  6.5
Stealth        | 2 5 6 |  6.8
Shields        | 4 |  4.0
Throwing       | |  2.0

Action                     |  1- 3 |  4- 6 |  7- 9 | 10-12 || total
---------------------------+-------+-------+-------+-------++-------
  Melee: Trident           |    79 |   111 |       |       ||   190
         Punch             |       |     1 |     2 |     1 ||     4
         Demon trident     |       |    23 |   266 |   207 ||   496
         Tailslap          |       |       |     5 |       ||     5
  Throw: Dart              |       |       |       |     2 ||     2
 Invoke: Heroism           |       |       |       |     1 ||     1
    Use: Scroll            |       |       |    10 |     3 ||    13
         Potion            |       |       |     4 |     4 ||     8
   Stab: Sleeping          |     1 |     2 |    11 |     2 ||    16
         Distracted        |       |     1 |     1 |       ||     2
         Paralysed         |       |       |     1 |       ||     1
         Fleeing           |       |       |       |     1 ||     1
         Invisible         |       |       |       |     3 ||     3
 Armour: Leather armour    |    15 |       |       |       ||    15
         Chain mail        |       |    30 |       |       ||    30
         Robe              |       |    12 |    66 |       ||    78
         Steam dragon scal |       |       |       |    48 ||    48
         Ring mail         |       |       |       |    10 ||    10
         Scale mail        |       |       |       |     4 ||     4
  Dodge: Dodged            |    35 |    44 |   298 |   186 ||   563
  Block: Kite shield       |       |       |       |    24 ||    24
